Map: Port Aleksander LE

Players

Kelazhur - Winner!

  • Race: Terran Terran
  • Spawn Location: 5:00

Clem

  • Race: Terran Terran
  • Spawn Location: 11:00

Event: 2019 WCS Spring

VOD

Have the link to the VOD?

Description

Time

  • Played on: May 17, 2019, 3:20 p.m.
  • Length: 12:34

All games in this series

Show
View Real Time Build Order
Export as new Build Order

Kelazhur Terran - Winner!

Build Orders: Reaper Expand 

Get SALT Encoding   

  12  0:00  SCV  
  13  0:13  SCV  
  14  0:19  Supply Depot  
  14  0:25  SCV  
  15  0:41  SCV  
  15  0:42  Barracks  
  16  0:44  Refinery  
  16  0:53  SCV  
  17  1:05  SCV  
  18  1:17  SCV  
  19  1:30  Reaper, Orbital Command  
  20  1:44  Command Center  
  20  1:58  SCV  
  20  2:00  Supply Depot  
  21  2:02  Reaper  
  21  2:07  Refinery  
  22  2:10  SCV  
  23  2:22  SCV, Factory  
  24  2:34  SCV  
  25  2:43  Barracks Reactor  
  25  2:47  SCV  
  26  2:59  SCV, Orbital Command  
  27  3:11  SCV  
  28  3:16  Starport  
  28  3:19  Factory Tech Lab  
  27  3:22  Marine x2  
  27  3:23  SCV  
  27  3:25  SCV  
  30  3:28  Bunker  
  30  3:35  SCV  
  30  3:37  SCV, Cyclone  
  30  3:40  Marine x2  
  37  3:47  SCV  
  38  3:48  Supply Depot  
  38  3:49  SCV  
  38  3:52  Starport Tech Lab, Supply Depot  
  39  3:59  SCV  
  39  4:01  Marine x2, Refinery  
  42  4:04  SCV  
  43  4:11  SCV  
  43  4:13  Cyclone  
  43  4:16  SCV  
  48  4:19  Supply Depot  
  48  4:20  Raven  
  48  4:23  SCV, Marine  
  48  4:24  Marine  
  52  4:28  SCV  
  54  4:35  SCV  
  54  4:36  Supply Depot  
  55  4:40  SCV  
  55  4:41  Marine  
  55  4:42  Marine  
  58  4:45  Siege Tank  
  58  4:48  SCV  
  61  4:52  SCV  
  55  5:00  SCV  
  55  5:05  SCV  
  57  5:07  Marine x2  
  57  5:12  SCV  
  60  5:14  Raven  
  60  5:17  SCV  
  63  5:24  SCV  
  63  5:28  Command Center  
  64  5:29  SCV  
  64  5:31  Siege Tank  
  68  5:36  SCV, Refinery  
  68  5:41  SCV, Supply Depot  
  70  5:44  Marine  
  70  5:45  Marine  
  70  5:48  SCV  
  70  5:49  Supply Depot  
  73  5:53  SCV  
  74  6:00  SCV  
  75  6:09  SCV  
  75  6:12  Siege Tank  
  75  6:13  SCV  
  74  6:21  SCV  
  74  6:25  SCV  
  69  6:30  Marine  
  69  6:31  Viking x2, Stimpack, Barracks  
  69  6:32  Barracks x2  
  71  6:33  SCV  
  71  6:34  Barracks  
  70  6:40  SCV  
  70  6:44  Engineering Bay  
  70  6:45  SCV, Engineering Bay  
  72  6:47  Marine  
  72  6:50  Siege Tank  
  72  6:52  SCV  
  77  6:55  Orbital Command  
  77  6:58  SCV  
  78  7:03  Viking  
  78  7:04  SCV  
  78  7:06  Viking  
  83  7:10  SCV  
  83  7:15  Terran Infantry Weapons Level 1, Terran Infantry Armor Level 1  
  84  7:16  SCV  
  84  7:18  Refinery  
  84  7:20  SCV  
  84  7:22  SCV, Refinery  
  88  7:23  Barracks Reactor x2  
  88  7:24  Barracks Reactor  
  88  7:25  Barracks Reactor  
  88  7:28  SCV  
  88  7:33  SCV  
  88  7:34  SCV, Marine  
  90  7:42  SCV  
  91  7:45  Viking x2  
  91  7:48  SCV  
  91  7:49  Siege Tank  
  99  7:52  Marine  
  99  7:56  SCV x2  
  102  7:59  Liberator  
  102  8:00  Armory, Supply Depot  
  101  8:07  SCV  
  101  8:11  Marine x6  
  101  8:12  Marine x3  
  102  8:19  Supply Depot  
  103  8:21  Siege Tank  
  106  8:29  Marine x7  
  106  8:33  SCV  
  113  8:36  Marine  
  113  8:37  Marine  
  113  8:47  Marine  
  113  8:48  Combat Shield, Marine x5  
  113  8:49  Marine  
  113  8:54  Marine x2, Orbital Command, Supply Depot  
  113  8:55  SCV x2, Supply Depot  
  122  8:56  Supply Depot, Refinery  
  122  8:57  Refinery, Supply Depot x2  
  122  9:02  Medivac  
  124  9:04  Marine  
  125  9:15  Medivac, Marine x2  
  129  9:21  Marine, Supply Depot  
  130  9:30  Marine x4  
  134  9:32  Medivac  
  134  9:34  Sensor Tower  
  134  9:36  Marine  
  134  9:37  Marine x3  
  140  9:38  Marine  
  140  9:45  Medivac  
  143  9:47  Marine  
  142  9:58  Marine  
  141  10:02  Medivac  
  141  10:03  Terran Infantry Weapons Level 2, Siege Tank, Marine x5  
  151  10:10  Marine x3  
  151  10:12  Terran Infantry Armor Level 2  
  154  10:14  Terran Vehicle Weapons Level 1  
  154  10:15  Medivac  
  154  10:16  Marine  
  154  10:21  Marine x3  
  155  10:22  Sensor Tower  
  157  10:29  Marine x4  
  157  10:31  Command Center  
  159  10:39  Medivac  
  161  10:45  Medivac, Supply Depot  
  161  10:49  Marine  
  164  10:53  Liberator, Supply Depot  
  164  10:57  Supply Depot  
  164  10:58  Liberator  
  164  10:59  Marine x7  
  164  11:03  Supply Depot  
  164  11:04  Supply Depot  
  171  11:06  Siege Tank  
  177  11:12  Supply Depot  
  179  11:25  Marine  
  180  11:29  Marine  
  180  11:31  Command Center  
  160  11:44  Siege Tank, Marine  
  147  12:00  Marine  
  133  12:09  Marine x2  
  133  12:10  Marine  
  133  12:11  SCV  
  133  12:12  SCV x2  
Show
View Real Time Build Order
Export as new Build Order

Clem Terran 

Build Orders: Gas First Reaper Expand, Liberator Opening 

Get SALT Encoding   

  12  0:00  SCV  
  13  0:12  SCV  
  14  0:18  Supply Depot  
  14  0:24  SCV  
  15  0:29  Refinery  
  15  0:39  SCV  
  16  0:45  Barracks  
  16  0:51  SCV  
  17  1:03  SCV  
  18  1:15  SCV  
  19  1:32  Reaper, Orbital Command  
  20  1:54  Command Center  
  20  1:59  SCV  
  21  2:04  Factory  
  21  2:08  Barracks Reactor  
  21  2:12  SCV  
  22  2:16  Supply Depot  
  22  2:21  Refinery  
  21  2:26  SCV  
  22  2:38  SCV  
  23  2:49  Starport  
  23  2:50  SCV  
  24  2:54  Hellion x2  
  28  3:03  SCV  
  28  3:07  Barracks Tech Lab  
  27  3:15  Hellion x2  
  27  3:17  Liberator  
  30  3:20  SCV  
  30  3:26  Orbital Command  
  36  3:41  Hellion  
  36  3:46  Hellion  
  38  3:48  SCV  
  38  3:51  SCV  
  40  3:58  Supply Depot  
  40  4:03  SCV x2  
  42  4:13  Marine x2  
  42  4:15  SCV  
  42  4:16  Supply Depot  
  45  4:18  Starport Tech Lab  
  45  4:19  Siege Tank  
  45  4:21  SCV  
  49  4:31  Refinery, Supply Depot  
  49  4:32  Marine x2  
  49  4:36  Raven  
  53  4:39  SCV  
  53  4:40  SCV  
  55  4:51  Siege Tank, Marine  
  55  4:52  Supply Depot  
  59  4:56  SCV  
  54  5:00  Marine  
  54  5:01  SCV  
  47  5:09  Marine  
  47  5:12  SCV  
  49  5:15  SCV  
  49  5:19  Raven  
  52  5:24  Command Center  
  52  5:28  SCV x2  
  54  5:34  Siege Tank  
  54  5:35  Marine x2  
  57  5:40  SCV x2  
  61  5:43  Refinery  
  61  5:52  SCV x2  
  63  5:57  Engineering Bay x2  
  63  6:04  SCV x2  
  63  6:11  Viking x2  
  67  6:15  Marine  
  67  6:16  SCV  
  67  6:18  SCV  
  64  6:22  Siege Tank  
  67  6:28  SCV  
  67  6:30  Terran Infantry Weapons Level 1  
  68  6:33  Marine  
  68  6:34  Terran Infantry Armor Level 1  
  68  6:37  SCV  
  68  6:39  Orbital Command  
  69  6:40  SCV, Viking  
  69  6:44  Viking  
  74  6:53  Marine  
  75  6:55  Siege Tank  
  75  7:01  Barracks x2  
  78  7:03  Stimpack  
  78  7:04  Orbital Command  
  78  7:07  SCV x2  
  80  7:11  Marine  
  80  7:13  Supply Depot  
  81  7:19  Viking  
  81  7:22  Viking  
  85  7:24  SCV  
  85  7:25  SCV  
  85  7:28  Marine  
  88  7:30  SCV, Supply Depot  
  88  7:36  SCV, Siege Tank  
  93  7:39  Supply Depot  
  93  7:40  SCV  
  93  7:43  SCV  
  95  7:51  SCV, Barracks x2  
  96  7:53  SCV  
  96  7:55  SCV, Barracks Reactor  
  96  7:56  Barracks Reactor  
  98  7:58  Viking  
  98  8:01  Viking  
  98  8:05  SCV, Marine  
  99  8:06  SCV  
  99  8:08  SCV  
  89  8:17  SCV, Siege Tank  
  93  8:21  SCV  
  93  8:23  Marine  
  93  8:24  SCV  
  94  8:28  Factory, Refinery x2  
  94  8:33  Armory  
  94  8:34  SCV x2  
  95  8:37  Viking  
  95  8:39  Viking  
  95  8:40  Marine  
  101  8:42  SCV  
  101  8:44  Barracks Reactor  
  101  8:45  Marine x4  
  101  8:48  Barracks Reactor  
  106  8:50  SCV  
  108  8:58  Marine  
  108  9:01  Command Center, Supply Depot  
  106  9:03  Marine  
  106  9:05  Marine  
  106  9:06  Barracks, Marine x2  
  109  9:11  Siege Tank  
  109  9:15  Viking  
  109  9:16  Marine  
  104  9:19  Viking  
  104  9:20  Marine  
  100  9:24  Factory Tech Lab  
  100  9:26  Combat Shield, Supply Depot  
  100  9:27  Marine x2  
  102  9:34  Marine x2  
  102  9:35  Marine x3  
  102  9:38  Marine x2  
  108  9:43  SCV  
  108  9:44  Siege Tank  
  108  9:45  Medivac  
  113  9:49  Medivac  
  113  9:50  Siege Tank  
  113  9:51  Marine x2  
  113  9:52  Marine  
  113  9:54  Marine  
  113  9:55  Marine  
  113  9:58  Marine x2  
  117  10:02  Marine x3  
  119  10:11  Terran Infantry Weapons Level 2, Supply Depot  
  117  10:15  Medivac, Marine  
  117  10:16  Siege Tank  
  117  10:18  SCV  
  117  10:21  SCV, Marine  
  121  10:22  Marine x2  
  121  10:25  Marine  
  121  10:27  Marine x2  
  121  10:28  Marine x2  
  125  10:30  SCV  
  125  10:33  Marine  
  126  10:36  SCV  
  126  10:39  Orbital Command  
  126  10:40  Marine x3  
  128  10:44  Factory Tech Lab  
  128  10:45  Medivac x2  
  128  10:46  Marine x2  
  133  10:58  Sensor Tower  
  133  11:02  Marine x3  
  133  11:03  Marine  
  137  11:05  Marine x2  
  137  11:10  Supply Depot  
  137  11:11  Marine  
  139  11:12  Marine  
  141  11:19  Marine  
  141  11:23  Marine  
  141  11:31  Marine  
  141  11:32  Medivac x2, Marine  
  147  11:33  Marine  
  137  11:45  Marine  
  106  11:49  Marine  
  106  11:50  Marine x4  
  106  11:51  Siege Tank x2, Marine x2  
  106  11:52  Marine x2  
  120  12:02  Command Center  
  120  12:03  Marine  
  120  12:07  Marine  
  120  12:08  Marine  
  115  12:11  Marine  
  115  12:13  Marine  
  115  12:14  Marine  
  115  12:15  Marine x2  
Tags
 
Add a new tag
Caveats
  • Supply blocks, unpowered buildings, or Contaminate may cause inaccurate times.
  • Supply counts are checked every 10 seconds.